 Dungeon Crawl Stone Soup version 0.31-a0-200-gbc41564c69 (webtiles) character file.

Game seed: 2791824080374020309

218 qw the Skirmisher (level 5, 0/29 HPs)
             Began as a Deep Elf Hunter on June 25, 2023.
             Slain by an orc priest
             ... wielding a +0 mace
              (2 damage)
             ... on level 3 of the Dungeon.
             The game lasted 00:00:59 (2099 turns).

qw the Skirmisher (Deep Elf Hunter)                 Turns: 2099, Time: 00:01:00

Health: 0/29       AC:  5    Str: 10    XL:     5   Next: 63%
Magic:  7/7        EV:  8    Int: 14    God:
Gold:   203        SH:  5    Dex: 18    Spells: 4/4 levels left

rFire   . . .        Y - +0 shortbow
rCold   + . .        (shield currently unavailable)
rNeg    . . .        a - +0 ring mail
rPois   .            (no helmet)
rElec   .            (no cloak)
rCorr   .            (no gloves)
SInv    .            (no boots)
Will    .....        b - amulet of reflection
Stlth   +            f - ring of protection from cold
HPRegen 0.24/turn    (no ring)
MPRegen 0.10/turn

%: reflection
@: constricted
A: no striking features
a: no special abilities


You were on level 3 of the Dungeon.
You visited 1 branch of the dungeon, and saw 3 of its levels.

You collected 203 gold pieces.


   Skills:
 + Level 1.5 Fighting
 - Level 9.2 Ranged Weapons
 - Level 2.4 Dodging
 - Level 1.2 Stealth


You had 4 spell levels left.
You didn't know any spells.
Your spell library was empty.

Inventory:

Hand Weapons
 Y - a +0 shortbow (weapon)
Armour
 a - a +0 ring mail (worn)
Jewellery
 b - an amulet of reflection (around neck)
 f - a ring of protection from cold (left hand)
 k - an amulet of the acrobat
Scrolls
 c - 2 scrolls of identify
 j - a scroll of torment {unknown}
Potions
 d - a potion of degeneration {unknown}
 e - a potion of heal wounds {unknown}
 g - 2 potions of curing {unknown}
 h - a potion of attraction {unknown}
 i - 2 potions of resistance {unknown}

Dungeon Overview and Level Annotations

Branches:
Dungeon (3/15)

Altars:
Wu Jian

Annotations:
D:1 1 transporter


Message History

The arrow hits the orc priest but does no damage.
The orc priest is severely wounded.
The orc priest calls upon Beogh to heal the orc.
The orc's wounds heal themselves!
An orc comes into view. It is wielding a +0 dagger.
You shoot an arrow. The arrow barely misses the orc priest.
The orc priest mumbles some strange prayers to Beogh against you.
Pain shoots through your body!
You shoot an arrow. The arrow hits the orc priest.
The orc priest is almost dead.
An orc comes into view. It is wielding a +0 hand axe.
An orc priest comes into view. It is wielding a +0 mace.
You shoot an arrow. The arrow barely misses the orc priest.
The arrow closely misses the orc.
The orc shouts!
The orc priest shouts!
The orc priest looks braver for a moment.
You block the orc's attack.
You shoot an arrow.
The arrow closely misses the orc priest.
The arrow closely misses the ball python.
The arrow barely misses the orc.
The orc priest invokes the aid of Beogh against you.
Pain shoots through your body! You block the orc's attack.
You shoot an arrow. The arrow hits the orc priest!
You kill the orc priest!
The ball python barely misses you. The ball python closely misses you.
The orc hits you with a +0 club.
Your Ranged Weapons skill increases to level 9!
You shoot an arrow. The arrow barely misses the orc.
The ball python closely misses you. The ball python grabs you.
The ball python constricts you. The ball python completely misses you.
The ball python constricts you.
You shoot an arrow.
The arrow closely misses the ball python.
The orc priest invokes the aid of Beogh against you.
Pain shoots through your body! The orc barely misses you.
The ball python bites you. The ball python constricts you.
The orc hits you with a +0 dagger. The orc hits you but does no damage.
The orc priest hits you with a +0 mace.
You die...

#......#....# #......
############# #..[...
###### ########......
#....# #......#......
#....# #......#......
#....# #.............
#....# #......#######
.###..S.###......#######
.....oo@'...............
#.##..oo##.########.....
#...######.# #..... ...
#.########..... #
#.#.........)..
#.#.######.##.# #..
#..... ### ####.# ###.#


You could see an orc priest, 3 orcs and a ball python.

Vanquished Creatures
  2 orc priests (D:3)
  6 adders
  2 worms
  3 dart slugs
  7 orcs
  7 bats
  7 endoplasms
  3 giant cockroaches
  4 goblins
  7 hobgoblins
  7 jackals (D:3)
  7 kobolds
  8 quokkas
  8 ball pythons
  6 rats
84 creatures vanquished.

Notes
Turn   | Place    | Note
-------+----------+-------------------------------------------
     0 | D:1      | qw the Deep Elf Hunter began the quest for the Orb.
     0 | D:1      | Reached XP level 1. HP: 12/12 MP: 3/3
     0 | D:1      | 0 ||| qw: Version: 0.3-a-22-g0ed2b0b
     0 | D:1      | 0 ||| qw: Game counter: 5535
     0 | D:1      | 0 ||| qw: Melee chars always use a shield: true
     0 | D:1      | 0 ||| qw: God list: Okawaru
     0 | D:1      | 0 ||| qw: Allow faded altars: false
     0 | D:1      | 0 ||| qw: Do Orc after clearing Dungeon:15 true
     0 | D:1      | 0 ||| qw: Do second Lair branch before Depths: true
     0 | D:1      | 0 ||| qw: Lair rune preference: random
     0 | D:1      | 0 ||| qw: Goals: Normal
     0 | D:1      | 0 ||| PLANNING D:1-11
    35 | D:1      | Reached skill level 6 in Ranged Weapons
    35 | D:1      | Reached XP level 2. HP: 16/16 MP: 4/4
   205 | D:1      | 205 ||| DROPPING +1 antimagic sling.
   310 | D:1      | Reached XP level 3. HP: 20/20 MP: 5/5
   667 | D:1      | 667 ||| UPGRADING to amulet of regeneration.
   672 | D:1      | 672 ||| READING scroll labelled ZOESAJISERO.
   677 | D:1      | 677 ||| DROPPING scroll of butterflies.
   688 | D:2      | Reached skill level 7 in Ranged Weapons
   782 | D:2      | Reached XP level 4. HP: 25/25 MP: 6/6
   894 | D:2      | Found an ornate altar of the Wu Jian Council.
  1487 | D:2      | 1487 ||| UPGRADING to amulet of reflection.
  1497 | D:2      | 1497 ||| DROPPING amulet of regeneration.
  1498 | D:2      | 1498 ||| UPGRADING to ring of protection from cold.
  1499 | D:2      | 1499 ||| READING scroll labelled GAHUGGUUNE.
  1528 | D:3      | Reached skill level 8 in Ranged Weapons
  1528 | D:3      | 1528 ||| FLEEEEING.
  1529 | D:3      | 1529 ||| FLEEEEING.
  1530 | D:3      | 1530 ||| FLEEEEING.
  1532 | D:3      | 1532 ||| FLEEEEING.
  1537 | D:3      | 1537 ||| FLEEEEING.
  1538 | D:3      | 1538 ||| FLEEEEING.
  1539 | D:3      | 1539 ||| STAIRDANCE
  1576 | D:3      | 1576 ||| STAIRDANCE
  1633 | D:2      | 1633 ||| UPGRADING to +0 ring mail.
  1643 | D:2      | 1643 ||| DROPPING +0 leather armour.
  1721 | D:3      | Reached XP level 5. HP: 29/29 MP: 7/7
  2098 | D:3      | Reached skill level 9 in Ranged Weapons
  2099 | D:3      | HP: 6/29 [ball python (2)]
  2099 | D:3      | HP: 2/29 [orc/+0 dagger (4)]
  2099 | D:3      | Slain by an orc priest

Levels and vault maps discovered:
D:1:      spicycebolla_arrival_risky_transporter, layout_basic
D:2:      layout_basic, basic_altar, minmay_small_reverse_x
D:3:      layout_basic, mainiacjoe_overflow_alcove_1

Skill      XL: |  1  2  3  4  5 |
---------------+----------------+-----
Ranged Weapons | 6 7 8 9 |  9.2
Fighting       | |  1.5
Dodging        | |  2.4
Stealth        | |  1.2

Action                     |  1- 3 |  4- 6 || total
---------------------------+-------+-------++-------
   Fire: Shortbow          |    80 |   159 ||   239
    Use: Scroll            |     1 |     1 ||     2
 Armour: Leather armour    |     2 |    10 ||    12
         Ring mail         |       |    17 ||    17
  Dodge: Dodged            |     8 |    54 ||    62
  Block: Other             |       |    15 ||    15

Table legend:
 A = Non-vault XP
 B = Vault XP
 C = Vault XP percentage of total XP
 D = Non-vault monster count
 E = Vault monster count
 F = Vault count percentage of total count
                 A         B        C        D         E       F
            +---------+---------+-------+---------+---------+-------
      Total |     305 |       7 |   2.2 |      80 |       4 |   4.8
            +---------+---------+-------+---------+---------+-------
        D:1 |      62 |       0 |   0.0 |      33 |       0 |   0.0
        D:2 |      66 |       7 |   9.6 |      17 |       4 |  19.0
        D:3 |     177 |       0 |   0.0 |      30 |       0 |   0.0
            +---------+---------+-------+---------+---------+-------
